 Dungeon Crawl Stone Soup version 0.28-a0-691-gad6df49e81 (webtiles) character file.

Game seed: 5114657105688219093

37194 ytrimaz the Severer (level 14, -5/123 HPs)
             Began as a Formicid Fighter on Oct 20, 2021.
             Was the Champion of Okawaru.
             Slain by a molten gargoyle (11 damage)
             ... on level 6 of the Lair of Beasts.
             The game lasted 00:29:10 (20592 turns).

ytrimaz the Severer (Formicid Fighter)             Turns: 20592, Time: 00:29:11

Health: -5/123     AC: 24    Str: 31    XL:     14   Next: 27%
Magic:  18/18      EV: 10    Int: 12    God:    Okawaru [******]
Gold:   569        SH:  5    Dex: 10    Spells: 13/13 levels left

rFire   . . .      SeeInvis +   E - +7 broad axe of Sudden Death {freeze, rN+ Int+3 SInv}
rCold   . . .      Faith    +   c - +1 buckler
rNeg    + . .      Spirit   .   u - +0 swamp dragon scales
rPois   +          Reflect  .   (helmet unavailable)
rElec   .          Harm     .   l - +2 cloak
rCorr   .          Rampage  ∞   q - +1 pair of gloves
Will    +....                   d - +3 pair of seven-league boots {Rampage+∞}
Stlth   +.........              k - amulet of faith
HPRegen 0.30/turn               g - +6 ring of strength
MPRegen 0.16/turn               h - +4 ring of protection

@: no status effects
A: permanent stasis, dig shafts and tunnels, antennae 3, four strong arms
a: Dig, Shaft Self, Renounce Religion, Heroism, Finesse, Duel


You were on level 6 of the Lair of Beasts.
You worshipped Okawaru.
Okawaru was exalted by your worship.
You visited 3 branches of the dungeon, and saw 19 of its levels.

You collected 1089 gold pieces.
You spent 520 gold pieces at shops.

Inventory:

Hand Weapons
 E - the +7 broad axe of Sudden Death (weapon) {freeze, rN+ Int+3 SInv}
   (Okawaru gifted it to you on level 1 of the Lair of Beasts)

   It freezes those it strikes, dealing additional cold damage.
   It can also slow down cold-blooded creatures.
   Int:       It affects your intelligence (+3).
   rN:        It protects you from negative energy.
   SInv:      It lets you see invisible.
 H - a +2 vorpal executioner's axe
 P - a +3 broad axe of flaming
Armour
 c - a +1 buckler (worn)
 d - the +3 pair of seven-league boots (worn) {Rampage+∞}
   (You acquired it on level 3 of the Dungeon)

   Its wearer moves as far as possible in that direction when moving towards
   enemies.
 l - a +2 cloak (worn)
 q - a +1 pair of gloves (worn)
 u - +0 swamp dragon scales (worn)
 B - a +0 plate armour
Jewellery
 g - a +6 ring of strength (left hand)
 h - a +4 ring of protection (right hand)
 k - an amulet of faith (around neck)
 p - an amulet of guardian spirit
 F - a ring of flight
 G - a ring of fire
 J - a +4 ring of protection
 K - a +6 ring of dexterity
Wands
 b - a wand of polymorph (14)
 f - a wand of flame (19)
 j - a wand of acid (15)
 m - a wand of digging (24)
 o - a wand of paralysis (32)
 t - a wand of iceblast (12)
 D - a wand of mindburst (45)
Scrolls
 e - 9 scrolls of amnesia
 n - 3 scrolls of magic mapping
 s - a scroll of torment
 y - 2 scrolls of identify
 z - a scroll of fear
 M - a scroll of fog
 N - a scroll of holy word
Potions
 r - 3 potions of curing
 v - 3 potions of attraction
 w - 2 potions of heal wounds
 A - 5 potions of might
 C - 2 potions of lignification
 I - a potion of flight
 L - 2 potions of cancellation
 O - a potion of brilliance {unknown}


   Skills:
 * Level 15.1 Fighting
 - Level 0.3(0.8) Short Blades
 - Level 1.1(1.2) Long Blades
 - Level 16.0 Axes
 - Level 0.2 Staves
 - Level 0.3(0.4) Slings
 - Level 0.3 Bows
 - Level 0.2 Crossbows
 - Level 0.2(0.3) Throwing
 + Level 9.8 Armour
 - Level 1.4 Stealth
 - Level 4.2 Shields
 - Level 0.3 Conjurations
 - Level 0.4 Hexes
 - Level 0.3 Summonings
 - Level 0.4 Necromancy
 - Level 0.3 Translocations
 - Level 0.3 Transmutations
 - Level 0.3 Fire Magic
 - Level 1.2 Ice Magic
 - Level 1.0 Air Magic
 - Level 0.7 Earth Magic
 - Level 0.5 Poison Magic
 * Level 6.6 Invocations


You had 13 spell levels left.
You didn't know any spells.
Your spell library contained the following spells:

 Spells                   Type           Power      Damage    Failure   Level
 Poisonous Vapours        Pois/Air       2%         N/A       43%         2
 Corpse Rot               Necr/Air       2%         N/A       45%         2
 Dazzling Flash           Conj/Hex       0%         N/A       75%         3
 Lesser Beckoning         Tloc           0%         N/A       75%         3
 Agony                    Necr           1%         N/A       100%        5
 Manifold Assault         Tloc           0%         N/A       100%        5
 Silence                  Hex/Air        0%         N/A       100%        5
 Eringya's Noxious Bog    Tmut/Pois      0%         N/A       100%        6
 Orb of Destruction       Conj           0%         N/A       100%        7
 Blink                    Tloc           Unusable   N/A       N/A         2
 Summon Guardian Golem    Hex/Summ       Unusable   N/A       N/A         3
 Summon Forest            Summ/Tloc      Unusable   N/A       N/A         5
 Spellforged Servitor     Conj/Summ      Unusable   N/A       N/A         7
 Summon Hydra             Summ           Unusable   N/A       N/A         7

Dungeon Overview and Level Annotations

Branches:
Dungeon (12/15)            Temple (1/1) D:7            Lair (6/6) D:11
  Swamp (0/4) Lair:2        Snake (0/4) Lair:4        Slime (0/5) Lair:5
    Orc: D:9-12

Altars:
Ashenzari
Cheibriados
Dithmenos
Elyvilon
Fedhas
Gozag
Hepliaklqana
Kikubaaqudgha
Makhleb
Nemelex Xobeh
Okawaru
Qazlal
Ru
Sif Muna
Trog
Uskayaw
Vehumet
Wu Jian
Xom
Yredelemnul
Zin
The Shining One
Jiyva

Shops:
D:2 *?[   D:10 *

Annotations:
D:10 exclusion: orange crystal statue


Innate Abilities, Weirdness & Mutations

You cannot be hasted, slowed, berserked, paralysed or teleported.
You can dig through walls and to a lower floor.
You have a pair of large antennae on your head. (SInv)
Your four strong arms can wield two-handed weapons with a shield.


Message History

The molten gargoyle resists.
The ball of steam hits you but does no damage.
You slash the molten gargoyle! You freeze the molten gargoyle.
The molten gargoyle is heavily damaged.
You are engulfed in a cloud of scalding steam.
The molten gargoyle blasts magma at you!
The bolt of magma hits you.
You slash the molten gargoyle! You freeze the molten gargoyle.
The molten gargoyle is almost destroyed.
You are engulfed in a cloud of scalding steam.
The molten gargoyle hits you but does no damage.
You slash the molten gargoyle! You freeze the molten gargoyle.
You destroy the molten gargoyle!
Okawaru accepts your kill.
You are engulfed in a cloud of scalding steam.
Unknown command.
You hit the molten gargoyle but do no damage.
The molten gargoyle is lightly damaged.
You are engulfed in a cloud of scalding steam.
The molten gargoyle hits you but does no damage.
You barely miss the molten gargoyle.
The molten gargoyle is lightly damaged.
You are engulfed in a cloud of scalding steam.
The molten gargoyle blasts magma at you!
The bolt of magma hits you!!
* * * LOW HITPOINT WARNING * * *
Unknown command.
You slash the molten gargoyle! You freeze the molten gargoyle.
The molten gargoyle is heavily damaged.
You are engulfed in a cloud of scalding steam.
* * * LOW HITPOINT WARNING * * *
A basilisk comes into view.
The steam dragon breathes steam at you.
The ball of steam hits the molten gargoyle.
The molten gargoyle resists.
The ball of steam hits you.
* * * LOW HITPOINT WARNING * * *
The molten gargoyle hits you with a +0 mace!
* * * LOW HITPOINT WARNING * * *
You are engulfed in flames!
You die...

..## #..........8#
...# ####
#.....§...#
...#####..# #....§#
....##....## #...l##
....<..÷...####l..##
.............###..#
.#P#.###P..#.###{D#
.##### #####..###9#
.# ##..#@#.# .##
#P..§### #.# ##.§##
### #:§# ####


You could see a molten gargoyle and a steam dragon (catching breath).

Vanquished Creatures
  10 hydras
  A boulder beetle (Lair:2)
  Erica (D:11)
  6 death yaks
  2 two-headed ogres
  A catoblepas (Lair:5)
  A lindwurm (Lair:2)
  8 elephants
  Maggie (D:7)
  2 molten gargoyles (Lair:6)
  5 black mambas
  10 cane toads
  A rime drake (Lair:6)
  8 komodo dragons
  A polar bear (Lair:5)
  A troll (D:10)
  A hornet (D:10)
  15 blink frogs
  Sigmund (D:6)
  Eustachio (D:4)
  3 wraiths
  4 wyverns
  5 basilisks
  16 yaks
  3 steam dragons
  3 nagas (Lair:4)
  Menkaure (D:6)
  An acid dragon (D:11)
  5 water moccasins
  5 orc warriors
  A black bear (D:5)
  An ogre (D:6)
  A necrophage (D:5)
  7 centaurs
  6 wolves (Lair:2)
  3 kobold brigands
  Blork the orc (D:6)
  10 bullfrogs
  A scorpion (D:4)
  A gnoll sergeant (D:9)
  A water moccasin zombie (D:7)
  9 killer bees
  2 howler monkeys (D:9)
  An electric eel (Lair:6)
  A bullfrog zombie (D:6)
  4 centaur zombies
  2 jellies
  2 gnoll shamans
  Crazy Yiuf (D:6)
  3 orc priests
  4 iguanas
  A scorpion zombie (D:5)
  Ijyb (D:5)
  8 orc wizards
  A killer bee zombie (D:8)
  2 hound skeletons (D:5)
  15 gnolls
  2 adders (D:2)
  An ufetubus (D:4)
  2 adder skeletons (D:4)
  2 worms
  33 orcs
  2 bats (D:2)
  2 endoplasms (D:3)
  5 giant cockroaches
  9 goblins
  8 hobgoblins
  16 jackals
  21 kobolds
  3 quokkas
  8 ball pythons
  2 frilled lizards
  5 rats
334 creatures vanquished.

Vanquished Creatures (others)
  7 fungi
  29 plants
36 creatures vanquished.

Grand Total: 370 creatures vanquished

Notes
Turn   | Place    | Note
-------+----------+-------------------------------------------
     0 | D:1      | ytrimaz the Formicid Fighter began the quest for the Orb.
     0 | D:1      | Reached XP level 1. HP: 18/18 MP: 1/1
    87 | D:1      | Reached XP level 2. HP: 20/24 MP: 2/2
   143 | D:1      | You fall into a shaft and drop 1 floor!
   153 | D:2      | Reached XP level 3. HP: 26/29 MP: 3/3
   428 | D:2      | Found Souritynk's Antique Armour Shoppe.
   616 | D:2      | Found Vabbueza's Magic Scroll Shop.
   737 | D:1      | You fall into a shaft and drop 1 floor!
  1438 | D:2      | Reached skill level 3 in Axes
  1438 | D:2      | Reached XP level 4. HP: 14/37 MP: 4/4
  1874 | D:2      | Found Duotaheh's Assorted Antiques.
  2776 | D:3      | Reached skill level 1 in Stealth
  2779 | D:3      | Reached XP level 5. HP: 17/41 MP: 5/5
  3115 | D:3      | Identified a scroll of acquirement
  3115 | D:3      | Acquired the +3 pair of seven-league boots {Rampage+∞}
  3115 | D:3      | Found the +3 pair of seven-league boots {Rampage+∞}
  3248 | D:4      | Noticed Eustachio
  3299 | D:4      | Killed Eustachio
  3300 | D:4      | Reached skill level 4 in Axes
  3300 | D:4      | Reached XP level 6. HP: 43/48 MP: 6/6
  3506 | D:4      | Reached skill level 5 in Axes
  4168 | D:4      | Reached XP level 7. HP: 54/54 MP: 7/7
  4406 | D:5      | Entered Level 5 of the Dungeon
  4674 | D:5      | Reached skill level 6 in Axes
  5089 | D:5      | Noticed Ijyb
  5104 | D:5      | Killed Ijyb
  5179 | D:5      | Reached skill level 5 in Armour
  5179 | D:5      | Reached XP level 8. HP: 61/61 MP: 8/8
  5248 | D:5      | Reached skill level 7 in Axes
  5968 | D:6      | Found a white marble altar of Elyvilon.
  5969 | D:6      | Found an opulent altar of Gozag.
  5970 | D:6      | Found a basalt altar of Yredelemnul.
  5971 | D:6      | Found a stormy altar of Qazlal.
  6113 | D:6      | Reached skill level 8 in Axes
  6278 | D:6      | Noticed Blork the orc
  6281 | D:6      | Noticed Sigmund
  6286 | D:6      | Killed Blork the orc
  6319 | D:6      | Killed Sigmund
  6320 | D:6      | Reached skill level 5 in Fighting
  6320 | D:6      | Reached XP level 9. HP: 54/68 MP: 9/9
  6452 | D:6      | Reached skill level 9 in Axes
  6493 | D:6      | Reached skill level 10 in Axes
  6896 | D:6      | Noticed Menkaure
  6900 | D:6      | Killed Menkaure
  7114 | D:6      | Found a runed translucent door.
  7115 | D:6      | Noticed Crazy Yiuf
  7348 | D:7      | Found a staircase to the Ecumenical Temple.
  7355 | Temple   | Entered the Ecumenical Temple
  7533 | Temple   | Became a worshipper of Warmaster Okawaru
  7857 | D:7      | Reached XP level 10. HP: 76/76 MP: 10/10
  8014 | D:7      | Noticed Maggie
  8015 | D:7      | Reached skill level 11 in Axes
  8037 | D:7      | Killed Maggie
  8038 | D:7      | Reached skill level 1 in Invocations
  8558 | D:8      | Found a hazy altar of Hepliaklqana.
  8585 | D:8      | Reached * piety under Okawaru
  9904 | D:2      | Bought a runed plate armour for 520 gold pieces
 10034 | D:6      | Killed Crazy Yiuf
 10308 | D:9      | Reached ** piety under Okawaru
 10347 | D:10     | Entered Level 10 of the Dungeon
 10347 | D:10     | Noticed a two-headed ogre
 10351 | D:10     | Killed a two-headed ogre
 10352 | D:10     | Reached skill level 12 in Axes
 10353 | D:10     | Noticed an orange crystal statue
 10627 | D:10     | Reached XP level 11. HP: 63/85 MP: 11/14
 11402 | D:10     | Found Luegenuo's General Store.
 11602 | D:11     | Found a staircase to the Lair.
 11885 | D:11     | Noticed a two-headed ogre
 11897 | D:11     | Killed a two-headed ogre
 11897 | D:11     | Reached *** piety under Okawaru
 11989 | D:11     | Reached skill level 5 in Invocations
 12279 | D:11     | Noticed Erica
 12764 | D:11     | Killed Erica
 13012 | D:11     | Reached **** piety under Okawaru
 13041 | Lair:1   | Entered Level 1 of the Lair of Beasts
 13067 | D:12     | Noticed an eight-headed hydra
 13076 | D:12     | Killed a five-headed hydra
 13077 | D:12     | Reached skill level 13 in Axes
 13344 | Lair:1   | Noticed a four-headed hydra
 13354 | Lair:1   | Killed a one-headed hydra
 13568 | Lair:1   | Reached ***** piety under Okawaru
 13569 | Lair:1   | Reached XP level 12. HP: 67/96 MP: 16/16
 14009 | Lair:1   | Noticed a six-headed hydra
 14015 | Lair:1   | Killed a one-headed hydra
 14598 | Lair:1   | Noticed a four-headed hydra
 14607 | Lair:1   | Killed a one-headed hydra
 14607 | Lair:1   | Identified the +7 broad axe of Sudden Death {freeze, rN+
                  | Int+3 SInv} (Okawaru gifted it to you on level 1 of the
                  | Lair of Beasts)
 14607 | Lair:1   | Received a gift from Okawaru
 14608 | Lair:1   | Reached skill level 14 in Axes
 15052 | Lair:2   | Noticed a four-headed hydra
 15065 | Lair:2   | Killed a one-headed hydra
 15262 | Lair:2   | Reached skill level 15 in Axes
 15308 | Lair:2   | Noticed an eight-headed hydra
 15310 | Lair:2   | Noticed a boulder beetle
 15324 | Lair:2   | Killed a three-headed hydra
 15330 | Lair:2   | Reached ****** piety under Okawaru
 15330 | Lair:2   | Received a gift from Okawaru
 15339 | Lair:2   | Received a gift from Okawaru
 15360 | Lair:2   | Killed a boulder beetle
 15733 | Lair:2   | Noticed a four-headed hydra
 15742 | Lair:2   | Killed a one-headed hydra
 15743 | Lair:2   | Reached skill level 1 in Long Blades
 15743 | Lair:2   | Reached skill level 16 in Axes
 15743 | Lair:2   | Reached skill level 1 in Ice Magic
 15845 | Lair:2   | Reached XP level 13. HP: 102/102 MP: 17/17
 15901 | Lair:2   | Reached skill level 1 in Air Magic
 16204 | Lair:2   | Found a staircase to the Swamp.
 16362 | Lair:2   | HP: 5/103 [death yak (8)]
 16692 | Lair:2   | Reached skill level 10 in Fighting
 17295 | Lair:3   | Received a gift from Okawaru
 17552 | Lair:3   | Noticed a five-headed hydra
 17561 | Lair:3   | Killed a one-headed hydra
 17983 | Lair:4   | Found a staircase to the Snake Pit.
 18832 | Lair:5   | Noticed a four-headed hydra
 18842 | Lair:5   | Killed a four-headed hydra
 19293 | Lair:5   | Noticed a catoblepas
 19322 | Lair:5   | Killed a catoblepas
 19323 | Lair:5   | Reached XP level 14. HP: 46/120 MP: 18/18
 19787 | Lair:5   | Found a staircase to the Slime Pits.
 19787 | Lair:5   | Found a viscous altar of Jiyva.
 19901 | Lair:5   | Received a gift from Okawaru
 20331 | Lair:6   | Entered Level 6 of the Lair of Beasts
 20583 | Lair:6   | Reached skill level 15 in Fighting
 20592 | Lair:6   | HP: 6/123 [molten gargoyle (8)]
 20592 | Lair:6   | Slain by a molten gargoyle

Illustrated notes

Levels and vault maps discovered:
D:1:      dpeg_arrival_boxorama, layout_basic, hangedman_decor_push,
          minmay_misc_feat_roman, corner_web_ring, minmay_strange_pillars,
          grunt_decor_resistance, chequers_serial_rivers_room_b,
          corexii_corridor_pit
D:2:      layout_loops_ring, serial_shops, shop_fountains,
          nicolae_shop_overgrown_old_shop, shop
D:3:      kennysheep_big_flooded_room, layout_loops_ring
D:4:      layout_basic, uniq_eustachio
D:5:      layout_gridville, uniq_ijyb
D:6:      layout_basic, mainiacjoe_overflow_alcove_3, hangedman_decor_points,
          minivault_26, minmay_misc_feat_more_columns, corexii_checkpoint_a,
          uniq_menkaure, uniq_sigmund, uniq_crazy_yiuf_cottage,
          uniq_blork_the_orc
D:7:      layout_basic, minmay_temple_entry_hall, uniq_maggie
D:8:      layout_basic, old_standard_altar, hex_intersection
D:9:      layout_rooms, serial_bayou, serial_bayou_pond_a,
          serial_bayou_lagoon_b, serial_bayou_pond_c, serial_bayou_pond_e
D:10:     layout_cave_pools, serial_shops, kennysheep_mini_moat,
          minmay_protected_statue
D:11:     layout_basic, lair_entry_dummy, uniq_erica
D:12:     layout_layer_cave, orc_0_dummy, eino_jars
Temple:   minmay_crystal_spiral_temple
Lair:1:   cheibrodos_lair_river_kwai, layout_cave_pods, serial_bayou_shore_b
Lair:2:   layout_gridlike, swamp_mist, minivault_23, nzn_random_ring,
          serial_bayou_shore_a
Lair:3:   layout_misc_corridors
Lair:4:   layout_cave_pods, minmay_snake_entry_guardpost_small
Lair:5:   layout_cave_pods, slime_altar_1, nicolae_quartered_pool_super
Lair:6:   cheibrodos_lair_end_hotspot, layout_big_grid,
          infiniplex_staircase_pool

Skill      XL: |  1  2  3  4  5  6  7  8  9 10 11 12 13 14 |
---------------+-------------------------------------------+-----
Shields        | 4 |  4.2
Axes           | 3 4 5 6 8 10 12 13 16 | 16.0
Stealth        | 1 |  1.4
Armour         | 4 5 6 7 8 9 |  9.8
Fighting       | 4 5 7 9 14 15 | 15.1
Invocations    | 4 6 |  6.6
Long Blades    | 1 |  1.1
Ice Magic      | 1 |  1.2
Air Magic      | 1 |  1.0
Short Blades   | |  0.3
Staves         | |  0.2
Slings         | |  0.3
Bows           | |  0.3
Crossbows      | |  0.2
Throwing       | |  0.2
Conjurations   | |  0.3
Hexes          | |  0.4
Summonings     | |  0.3
Necromancy     | |  0.4
Translocations | |  0.3
Transmutations | |  0.3
Fire Magic     | |  0.3
Earth Magic    | |  0.7
Poison Magic   | |  0.5

Action                   |  1- 3 |  4- 6 |  7- 9 | 10-12 | 13-15 || total
-------------------------+-------+-------+-------+-------+-------++-------
Melee: War axe           |    86 |   231 |   230 |   414 |    14 ||   975
       Unarmed           |       |       |     1 |       |       ||     1
       Broad axe         |       |       |       |    37 |   183 ||   220
       Executioner's axe |       |       |       |       |    16 ||    16
Invok: Heroism           |       |       |       |     9 |     2 ||    11
 Abil: Dig               |     2 |       |     6 |     1 |       ||     9
Evoke: Wand              |       |       |     2 |       |       ||     2
  Use: Potion            |     2 |     3 |     4 |     4 |     1 ||    14
       Scroll            |       |    12 |     1 |     6 |     2 ||    21
 Stab: Invisible         |       |     2 |       |       |       ||     2
       Distracted        |       |     1 |       |       |       ||     1
       Paralysed         |       |       |     2 |       |       ||     2
Armor: Scale mail        |    47 |   161 |    52 |       |       ||   260
       Skin              |     3 |       |       |       |       ||     3
       Chain mail        |       |       |    83 |     6 |       ||    89
       Plate armour      |       |       |       |   119 |       ||   119
       Swamp dragon scal |       |       |       |   194 |   150 ||   344
Dodge: Dodged            |    60 |   165 |    79 |   225 |   124 ||   653
Block: Buckler           |    28 |    61 |    61 |   133 |    68 ||   351

Table legend: (Time is in decaauts)
 A = Elapsed time spent in this place.
 B = Non-inter-level travel time spent in this place.
 C = Inter-level travel time spent in this place.
 D = Time resting spent in this place.
 E = Time spent auto-exploring this place.
 F = Levels seen in this place.
 G = Mean time per level.
                   A        B        C        D        E       F      G
               +--------+--------+--------+--------+--------+-----+--------+
         Total |  20742 |  19769 |    973 |   4166 |  12084 |  19 | 1091.7 |
       Dungeon |  13265 |  12602 |    663 |   2713 |   7300 |  12 | 1105.4 |
        Temple |    216 |    132 |     84 |      0 |    112 |   1 |  216.0 |
          Lair |   7259 |   7033 |    226 |   1453 |   4672 |   6 | 1209.8 |
               +--------+--------+--------+--------+--------+-----+--------+

Top non-repeatable levels by time:
  Lair:2: 1885 daAuts
     D:6: 1848 daAuts
  Lair:1: 1790 daAuts
  Lair:5: 1531 daAuts
    D:11: 1519 daAuts
    D:10: 1366 daAuts
     D:4: 1333 daAuts
     D:3: 1255 daAuts
     D:2: 1238 daAuts
     D:8: 1182 daAuts
     D:5: 1167 daAuts
  Lair:3: 968 daAuts
     D:7: 966 daAuts
     D:1: 876 daAuts
  Lair:4: 830 daAuts
